 Dungeon Crawl Stone Soup version 0.24-a0-762-gca426f56c8 (webtiles) character file.

Game seed: 12368842068830720070, levelgen mode: deterministic

20515 Kairok the Covert (level 12, -10/67 HPs)
             Began as a Vine Stalker Assassin on Oct 2, 2019.
             Was the Champion of Okawaru.
             Mangled by a gargoyle
             ... wielding a +0 morningstar
              (11 damage)
             ... while petrified by you
             ... in a Gauntlet on Oct 3, 2019.
             The game lasted 00:42:18 (12331 turns).

Kairok the Covert (Vine Stalker Assassin)          Turns: 12331, Time: 00:42:18

Health: -10/67     AC: 15    Str: 21    XL:     12   Next: 80%
Magic:  0/14       EV:  2    Int: 14    God:    Okawaru [******]
Gold:   930        SH:  0    Dex: 20    Spells: 11/11 levels left

rFire    x . .     SeeInvis +   r - +5 dagger (venom)
rCold    + . .     Gourm    .   (no shield)
rNeg     + + +     Faith    .   A - +2 leather armour of Immorality {Regen+ Str+4}
rPois    ∞         Spirit   +   i - +2 hat
rElec    .         Reflect  .   x - +2 cloak
rCorr    .         Harm     +   q - +0 pair of gloves {archery}
MR       .....     NoTele   +   P - +0 pair of boots {Fly}
Stlth    +++++.....             D - amulet of harm
HPRegen  1.41/turn              k - ring of Uschif {MR- EV+3 Str+2 Int+3 SInv}
MPRegen  0.14/turn              B - ring of ice

@: petrified, flying
A: fangs 3, talons 1, molten scales 1, regeneration 2, robust 1, magic shield,
antimagic bite, no potion heal 3, rot immunity
a: Heroism, Finesse, Renounce Religion, Stop Flying


You were in a Gauntlet.
You worshipped Okawaru.
Okawaru was exalted by your worship.
You were not hungry.

You visited 2 branches of the dungeon, and saw 15 of its levels.
You also visited: Gauntlet.

You collected 930 gold pieces.

Inventory:

Hand Weapons
 a - a +2 dagger
 r - a +5 dagger of venom (weapon)
Missiles
 d - 56 poisoned darts (quivered)
 e - 6 curare-tipped darts
 F - a throwing net
 G - 3 silver javelins
Armour
 i - a +2 hat (worn)
 j - a +1 ring mail of magic resistance
 q - a +0 pair of gloves of archery (worn)
 t - a +0 ring mail of fire resistance
 x - a +2 cloak (worn)
 A - the +2 leather armour of Immorality (worn) {Regen+ Str+4}
   (You found it on level 5 of the Dungeon)

   It affects your strength (+4).
   It increases your rate of regeneration.
 H - +0 steam dragon scales
 O - a +3 scale mail of fire resistance
 P - a +0 pair of boots of flying (worn)
Jewellery
 g - the ring "Gyj Yffa" {Fire Dex+4, unknown}
   (You found it in a Gauntlet)

   [ring of fire]

   It enhances your fire magic.
   It affects your dexterity (+4).
   It protects you from fire.
   It makes you vulnerable to cold.
 k - the ring of Uschif (left hand) {MR- EV+3 Str+2 Int+3 SInv}
   (You found it on level 5 of the Dungeon)

   [ring of evasion]

   It affects your evasion (+3).
   It affects your strength (+2).
   It affects your intelligence (+3).
   It affects your resistance to hostile enchantments.
   It lets you see invisible.
 B - a ring of ice (right hand)
 D - an amulet of harm (around neck)
 L - a +2 ring of intelligence
Wands
 b - a wand of paralysis (2)
 p - a wand of digging (5)
 y - a wand of clouds (4)
 I - a wand of scattershot (5)
 S - a wand of disintegration (10)
Scrolls
 c - 2 scrolls of silence
 h - 10 scrolls of teleportation
 v - 2 scrolls of blinking
 w - 4 scrolls of remove curse
 z - a scroll of enchant armour
 M - a scroll of fear
 Q - a scroll of identify
Potions
 l - 8 potions of curing
 m - 6 potions of flight
 n - 3 potions of mutation
 o - 3 potions of berserk rage
 s - 3 potions of magic
 u - 2 potions of haste
 C - 4 potions of lignification
 J - 2 potions of agility
 N - 3 potions of brilliance
Miscellaneous
 K - a lamp of fire
Comestibles
 f - 18 rations


   Skills:
 + Level 6.3 Fighting
 + Level 9.3 Short Blades
 + Level 10.0 Throwing
 + Level 5.1 Armour
 + Level 6.6 Dodging
 + Level 12.3 Stealth
 + Level 1.3 Invocations
 + Level 1.0 Evocations


You had 11 spell levels left.
You didn't know any spells.
Your spell library contained the following spells:

 Spells                   Type           Power        Failure   Level  Hunger
 Beastly Appendage        Tmut           #.....       32%         1    ##.....
 Summon Small Mammal      Summ           #...         32%         1    ##.....
 Call Imp                 Summ           #.......     45%         2    ###....
 Call Canine Familiar     Summ           #.......     69%         3    ####...
 Spider Form              Tmut/Pois      #.........   69%         3    ####...
 Summon Guardian Golem    Hex/Summ       #.......     69%         3    ####...
 Summon Ice Beast         Ice/Summ       #.......     97%         4    #####..
 Summon Lightning Spire   Summ/Air       #.......     97%         4    #####..
 Irradiate                Conj/Tmut      #.........   100%        5    ######.
 Dragon Form              Tmut           #.........   100%        7    #######


Dungeon Overview and Level Annotations

Branches:
Dungeon (13/15)            Temple (0/1) D:7            Lair (2/6) D:11
    Orc (0/2) D:10         Vaults (0/5) D:13        Gauntlet (1/1)
  Swamp: Lair:2-4    Shoals: Lair:2-4     Snake: Lair:2-4    Spider: Lair:2-4

Altars:
Fedhas
Okawaru
Wu Jian
Xom

Shops:
D:4 }   D:9 !

Annotations:
D:9 3 runed translucent doors, asdu's ghost, novice HOMo Gauntlet 11 transporters, 5 runed translucent doors, exclusion: lightning spire


Innate Abilities, Weirdness & Mutations

You have razor-sharp teeth.
You heal very quickly.
When hurt, damage is shared between your health and your magic reserves.
Your bite disrupts and absorbs the magic of your enemies.
Potions cannot restore your health.
You are immune to rotting.
You have sharp toenails.
You are partially covered in molten scales. (AC +2)
You are robust. (+10% HP)


Message History

The centaur warrior zombie blinks!
You have turned to stone.
The molten gargoyle blasts magma at you!
The bolt of magma hits you! The lava burns you terribly!
The molten gargoyle hits you but does no damage.
The molten gargoyle hits you but does no damage.
The molten gargoyle completely misses you.
The molten gargoyle blasts magma at you!
The bolt of magma hits you!! The lava burns you terribly!
The molten gargoyle hits you with a +0 flail!
You are engulfed in flames!!
The fire burns you terribly!
The molten gargoyle hits you but does no damage.
The gargoyle hurls a stone arrow at you.
The stone arrow hits you!!
* * * LOW HITPOINT WARNING * * *
The molten gargoyle hits you with a +0 flail!
* * * LOW HITPOINT WARNING * * *
You are engulfed in flames!!
The fire burns you terribly!
* * * LOW HITPOINT WARNING * * *
The gargoyle hits you with a +0 morningstar!!
You die...

..#.##.#...#..#.#.#..#...##
hh#©...#...#.#.#.#^#.#...≈#
########...#...ZZ.^.^#...##
.#.©.#.....###########...≈#
.#...#........#.©.#......##
.#.©.#....8...#.8.#...8.##
#########.....#.©.#.....≈#
..?©[=.J#...#########...##
##...##.#...#..:@9#.#...≈#
#.###.#.#...#.##99#.#..§##
.##.##..#...##..##..#...≈#
...©....#.8.##..©..##.8.##
.##.##..#...#..##..##...≈#
#.###.#.#...#.#..##.#...##
##...##J#...#.#.....#...≈#
.....JJJ#...#########...##
#########.......©.......§#


You could see a spectral centaur warrior (wandering), 2 molten gargoyles, a
gargoyle and a centaur warrior zombie.

Vanquished Creatures
  2 hydras
  A catoblepas (Gauntlet)
  3 death yaks (D:11)
  An unseen horror (D:13)
  2 ugly things
  A spiny frog (Lair:2)
  A komodo dragon (Lair:1)
  6 trolls
  4 hippogriffs
  3 water elementals (D:12)
  A wyvern (D:10)
  12 yaks
  2 hungry ghosts (D:8)
  A basilisk (D:12)
  A steam dragon (D:12)
  Menkaure (D:4)
  An acid dragon (D:12)
  Duvessa (D:4)
  3 water moccasins
  4 orc warriors
  2 porcupines
  7 ice beasts
  2 black bears
  6 sky beasts
  A phantom (D:7)
  14 ogres
  2 crocodiles (Lair:2)
  A centaur (D:12)
  5 big kobolds
  10 bullfrogs
  Dowan (D:4)
  A wyvern skeleton (D:11)
  4 scorpions
  3 killer bees
  16 wights
  5 electric eels (D:12)
  2 howler monkeys (D:5)
  9 crimson imps
  3 centaur zombies
  2 bullfrog zombies
  7 hounds
  The ghost of pedritolo the Skirmisher, a weakling FeCK of Xom (D:3)
  2 jellies (D:6)
  12 orc priests
  Crazy Yiuf (D:4)
  2 bullfrog skeletons
  4 centaur skeletons
  8 orc wizards
  3 iguanas
  2 hell rats (D:11)
  15 worker ants
  A killer bee zombie (D:6)
  A hound skeleton (D:8)
  A howler monkey zombie (D:11)
  2 howler monkey skeletons
  11 adders
  A river rat (D:11)
  An ooze (D:3)
  An adder skeleton (D:4)
  3 worms
  4 dart slugs
  9 leopard geckos
  68 orcs
  2 ball pythons (D:2)
  9 giant cockroaches
  5 goblins
  6 hobgoblins
  12 jackals
  5 quokkas
  8 bats
  4 frilled lizards
  32 kobolds
  A leopard gecko skeleton (D:4)
  A leopard gecko zombie (D:9)
  A quokka skeleton (D:4)
  A quokka zombie (D:5)
  9 rats
403 creatures vanquished.

Notes
Turn   | Place    | Note
-------+----------+-------------------------------------------
     0 | D:1      | Kairok the Vine Stalker Assassin began the quest for the
                  | Orb.
     0 | D:1      | Reached XP level 1. HP: 11/11 MP: 2/2
    39 | D:1      | Reached skill level 5 in Stealth
    83 | D:1      | Reached XP level 2. HP: 11/15 MP: 3/3
   601 | D:1      | Reached XP level 3. HP: 18/18 MP: 4/4
  1201 | D:2      | Gained mutation: Your natural rate of healing is unusually
                  | fast. [potion of mutation]
  1201 | D:2      | Gained mutation: You have sharp toenails. [potion of
                  | mutation]
  1201 | D:2      | Gained mutation: You are partially covered in molten
                  | scales. (AC +2) [potion of mutation]
  1201 | D:2      | Gained mutation: You are robust. (+10% HP) [potion of
                  | mutation]
  1480 | D:2      | Mutation became permanent: Your natural rate of healing is
                  | unusually fast. [Vine Stalker growth]
  1480 | D:2      | Gained mutation: Your natural rate of healing is unusually
                  | fast. [Vine Stalker growth]
  1480 | D:2      | Reached XP level 4. HP: 25/25 MP: 5/5
  1550 | D:2      | Found an iron altar of Okawaru.
  1592 | D:2      | Became a worshipper of Warmaster Okawaru
  1972 | D:3      | Reached skill level 1 in Dodging
  2005 | D:3      | Noticed a sky beast
  2025 | D:3      | Killed a sky beast
  2025 | D:3      | Reached skill level 1 in Armour
  2025 | D:3      | Reached skill level 6 in Stealth
  2025 | D:3      | Reached XP level 5. HP: 29/29 MP: 6/6
  2084 | D:3      | Found a transporter.
  2085 | D:3      | Noticed pedritolo's ghost (weakling FeCK)
  2094 | D:3      | Found a transporter.
  2135 | D:3      | Reached XP level 6. HP: 29/35 MP: 5/7
  2425 | D:3      | Reached * piety under Okawaru
  2775 | D:3      | Killed pedritolo's ghost
  2873 | D:4      | Reached XP level 7. HP: 37/38 MP: 8/8
  3048 | D:4      | Noticed Duvessa
  3049 | D:4      | Noticed Dowan
  3075 | D:4      | Reached ** piety under Okawaru
  3076 | D:4      | Killed Duvessa
  3203 | D:4      | Found Ifiz's Gadget Shop.
  3366 | D:4      | Gained mutation: You have razor-sharp teeth. [Vine Stalker
                  | growth]
  3366 | D:4      | Reached XP level 8. HP: 44/44 MP: 9/9
  3413 | D:4      | Found a runed translucent door.
  3414 | D:4      | Noticed Crazy Yiuf
  3469 | D:4      | Noticed Menkaure
  3479 | D:4      | Killed Menkaure
  3552 | D:4      | Killed Dowan
  3552 | D:4      | Reached *** piety under Okawaru
  3806 | D:4      | Killed Crazy Yiuf
  3831 | D:5      | Entered Level 5 of the Dungeon
  3845 | D:5      | Reached skill level 5 in Short Blades
  3860 | D:5      | Reached skill level 7 in Stealth
  3879 | D:5      | Got a steaming jade ring
  4018 | D:5      | You fall into a shaft and drop 3 floors!
  4026 | D:8      | Identified the ring of Uschif {MR- EV+3 Str+2 Int+3 SInv}
                  | (You found it on level 5 of the Dungeon)
  4212 | D:5      | Reached XP level 9. HP: 37/48 MP: 10/10
  4223 | D:5      | Got a faintly humming leather armour
  4234 | D:5      | Identified the +2 leather armour of Immorality {Regen+
                  | Str+4} (You found it on level 5 of the Dungeon)
  4251 | D:5      | Reached skill level 5 in Throwing
  4410 | D:5      | Reached skill level 1 in Evocations
  4651 | D:5      | Reached **** piety under Okawaru
  4882 | D:6      | Reached skill level 8 in Stealth
  5739 | D:6      | Found a shimmering altar of Xom.
  5961 | D:7      | Reached XP level 10. HP: 53/53 MP: 11/11
  5984 | D:7      | Reached ***** piety under Okawaru
  5989 | D:7      | Received a gift from Okawaru
  6487 | D:7      | Found a staircase to the Ecumenical Temple.
  6834 | D:8      | Found a blossoming altar of Fedhas.
  6845 | D:8      | Reached skill level 9 in Stealth
  7256 | D:9      | Found a runed translucent gate.
  7256 | D:9      | Found a runed translucent gate.
  7256 | D:9      | Found a runed translucent gate.
  7262 | D:9      | Noticed asdu's ghost (novice HOMo)
  7262 | D:9      | Noticed a kobold demonologist
  7349 | D:9      | Found Duweqok's Distillery.
  7846 | D:10     | Entered Level 10 of the Dungeon
  7899 | D:10     | Received a gift from Okawaru
  7917 | D:10     | Reached XP level 11. HP: 43/59 MP: 12/12
  8088 | D:10     | Received a gift from Okawaru
  8299 | D:10     | Received a gift from Okawaru
  8315 | D:10     | Reached skill level 10 in Stealth
  8470 | D:10     | Found a staircase to the Orcish Mines.
  8480 | D:10     | Reached skill level 5 in Fighting
  8752 | D:11     | Reached skill level 5 in Dodging
  8818 | D:11     | Noticed a five-headed hydra
  9020 | D:11     | Noticed a red ugly thing
  9047 | D:11     | Killed a red ugly thing
  9148 | D:11     | Killed a five-headed hydra
  9197 | D:11     | Noticed a death yak
  9261 | D:11     | You are sucked into a shaft and drop 2 floors!
  9283 | D:13     | Found Gamil's Gadget Emporium.
  9352 | D:13     | Noticed a catoblepas
  9532 | D:13     | Noticed a six-headed hydra
  9549 | D:13     | Killed a six-headed hydra
  9727 | D:13     | Noticed an unseen horror
  9739 | D:13     | Killed an unseen horror
  9760 | D:13     | Found a gate to the Vaults.
  9760 | D:13     | Noticed a two-headed ogre
  9760 | D:13     | Noticed a vault guard
  9760 | D:13     | Noticed a vault guard
  9760 | D:13     | Noticed a vault guard
  9760 | D:13     | Noticed a vault guard
  9982 | D:12     | Reached skill level 1 in Invocations
 10144 | D:12     | Gained mutation: You heal very quickly. [Vine Stalker
                  | growth]
 10144 | D:12     | Reached XP level 12. HP: 43/66 MP: 8/13
 10534 | D:12     | Reached skill level 11 in Stealth
 10912 | D:11     | Found an ornate altar of the Wu Jian Council.
 11217 | D:11     | Noticed a death yak
 11217 | D:11     | Noticed a death yak
 11266 | D:11     | Found a staircase to the Lair.
 11337 | D:11     | Killed a death yak
 11337 | D:11     | Reached ****** piety under Okawaru
 11461 | D:11     | Killed a death yak
 11547 | D:11     | Killed a death yak
 11547 | D:11     | Received a gift from Okawaru
 11547 | D:11     | Reached skill level 5 in Armour
 11663 | Lair:1   | Entered Level 1 of the Lair of Beasts
 11714 | Lair:1   | Received a gift from Okawaru
 11786 | Lair:1   | Reached skill level 12 in Stealth
 11807 | Lair:1   | Upgraded the game from 0.24-a0-736-g4e6fe308c7 to
                  | 0.24-a0-762-gca426f56c8
 11852 | Lair:1   | You are sucked into a shaft and drop 1 floor!
 11869 | Lair:2   | Reached skill level 10 in Throwing
 12059 | Lair:2   | Identified the Catalogue of Moulding
 12068 | Lair:2   | Found a gate leading to a gauntlet.
 12087 | Gauntlet | Entered a Gauntlet
 12087 | Gauntlet | Found a transporter.
 12094 | Gauntlet | Found a runed translucent door.
 12096 | Gauntlet | Found a transporter.
 12098 | Gauntlet | Found a runed translucent door.
 12112 | Gauntlet | Found a transporter.
 12116 | Gauntlet | Found a transporter.
 12126 | Gauntlet | Found a transporter.
 12150 | Gauntlet | Found a transporter.
 12150 | Gauntlet | Found a runed translucent gate.
 12150 | Gauntlet | Found a runed translucent gate.
 12151 | Gauntlet | Found a runed translucent gate.
 12163 | Gauntlet | Found a transporter.
 12192 | Gauntlet | Found a transporter.
 12192 | Gauntlet | Found a transporter.
 12196 | Gauntlet | Found a transporter.
 12218 | Gauntlet | Noticed a catoblepas
 12219 | Gauntlet | Noticed a death ooze
 12229 | Gauntlet | Found a transporter.
 12229 | Gauntlet | Found a transporter.
 12310 | Gauntlet | Got a steaming jade ring
 12326 | Gauntlet | Killed a catoblepas
 12331 | Gauntlet | HP: 1/67 [molten gargoyle/+0 flail (9)]
 12331 | Gauntlet | Mangled by a gargoyle

Levels and vault maps discovered:
D:1:      dpeg_arrival_rooms_c, layout_basic, hex_large, hex_intersection,
          minmay_pentomino_r2
D:2:      layout_loops_ring, grunt_ministairs_12, okawaru_gym_becter
D:3:      layout_loops_corners, gammafunk_ghost_arena
D:4:      minmay_skewed_foursquare, layout_basic, serial_shops, shop,
          uniq_menkaure, uniq_duvessa, uniq_crazy_yiuf_cottage
D:5:      layout_basic, first_ration
D:6:      layout_rooms, tgw_xom
D:7:      layout_gridville, minmay_temple_entry_wispy
D:8:      layout_rooms, fedhas_altar_fruit_tree
D:9:      layout_long_grid, serial_shops,
          nicolae_shop_competitors_out_of_business,
          gammafunk_ghost_nasty_kobolds
D:10:     layout_roguey, hiddenorc2_lemuel
D:11:     layout_stronghold, dpeg_lair_monsters, basic_altar
D:12:     layout_basic
D:13:     minmay_blocky_corners, layout_loops_ring,
          lightli_vaults_fourway_checkpoint, serial_shops, nicolae_shop_crystal
Lair:1:   layout_regular_city, wad_woods_road_01, grunt_megastairs_2
Lair:2:   layout_roguey, gauntlet_entry_generic, nicolae_quartered_pool_super
Gauntlet: minmay_gauntlet_mixed_oops_all_seconds
          [minmay_gauntlet_arena_77_squiggly, gammafunk_gauntlet_arena_corners,
          minmay_gauntlet_arena_77_shame_cube, gammafunk_gauntlet_arena_grid,
          minmay_gauntlet_arena_77_run_for_it, gammafunk_gauntlet_arena_spirals,
          nicolae_gauntlet_exit_dead_adventurers]

Skill      XL: |  1  2  3  4  5  6  7  8  9 10 11 12 |
---------------+-------------------------------------+-----
Stealth        | 5 6 7 8 9 10 12 | 12.3
Throwing       | 2 3 4 6 8 9 10 | 10.0
Short Blades   | 2 3 4 5 6 7 8 9 |  9.3
Fighting       | 2 3 4 5 6 |  6.3
Dodging        | 1 2 3 4 5 6 |  6.6
Armour         | 1 2 3 4 5 |  5.1
Evocations     | 1 |  1.0
Invocations    | 1 |  1.3

Action                   |  1- 3 |  4- 6 |  7- 9 | 10-12 || total
-------------------------+-------+-------+-------+-------++-------
Melee: Dagger            |    81 |   148 |   277 |   772 ||  1278
       Bite              |    20 |    35 |   103 |   331 ||   489
       Kick              |     3 |    42 |   119 |    24 ||   188
       Punch             |       |       |       |     3 ||     3
Throw: Dart              |    14 |    39 |    79 |    95 ||   227
Invok: Heroism           |       |       |       |     7 ||     7
       Finesse           |       |       |       |     1 ||     1
Evoke: Wand              |       |       |     4 |       ||     4
  Use: Scroll            |     6 |     2 |     8 |    14 ||    30
       Potion            |     1 |       |       |       ||     1
 Stab: Sleeping          |     6 |     6 |    10 |    30 ||    52
       Distracted        |       |       |       |     3 ||     3
  Eat: Chunk             |     2 |     4 |    10 |    18 ||    34
       Ration            |       |       |       |     2 ||     2
Armor: Robe              |     9 |       |       |       ||     9
       Ring mail         |    18 |    59 |    49 |       ||   126
       Leather armour    |       |       |    23 |   148 ||   171
Dodge: Dodged            |    23 |    75 |   145 |   455 ||   698

Table legend:
 A = Non-vault XP
 B = Vault XP
 C = Vault XP percentage of total XP
 D = Non-vault monster count
 E = Vault monster count
 F = Vault count percentage of total count
                 A         B        C        D         E       F
            +---------+---------+-------+---------+---------+-------
      Total |   24576 |    4732 |  16.1 |     340 |      63 |  15.6
            +---------+---------+-------+---------+---------+-------
        D:1 |      42 |       1 |   2.3 |      24 |       1 |   4.0
        D:2 |      58 |       7 |  10.8 |      15 |       2 |  11.8
        D:3 |     391 |      51 |  11.5 |      39 |       4 |   9.3
        D:4 |     542 |     491 |  47.5 |      29 |      10 |  25.6
        D:5 |    1162 |       0 |   0.0 |      25 |       0 |   0.0
        D:6 |    1182 |      15 |   1.3 |      27 |       5 |  15.6
        D:7 |    1314 |       0 |   0.0 |      28 |       0 |   0.0
        D:8 |    1039 |       0 |   0.0 |      11 |       0 |   0.0
        D:9 |    1045 |       0 |   0.0 |      21 |       0 |   0.0
       D:10 |    3700 |     384 |   9.4 |      34 |      32 |  48.5
       D:11 |    3525 |    2831 |  44.5 |      21 |       8 |  27.6
       D:12 |    4028 |       0 |   0.0 |      33 |       0 |   0.0
       D:13 |    2545 |       0 |   0.0 |      13 |       0 |   0.0
     Lair:1 |    2369 |       0 |   0.0 |      11 |       0 |   0.0
     Lair:2 |    1634 |       0 |   0.0 |       9 |       0 |   0.0
   Gauntlet |       0 |     952 | 100.0 |       0 |       1 | 100.0
            +---------+---------+-------+---------+---------+-------
